 Dungeon Crawl Stone Soup version 0.30-a0-591-g3c58d2bc28 (webtiles) character file.

Game seed: 7505197624522979030

37 Newt the Trooper (level 3, 0/28 HPs)
             Began as a Demonspawn Gladiator on Jan 4, 2023.
             Frozen to death by an endoplasm (5 damage)
             ... on level 2 of the Dungeon.
             The game lasted 00:01:07 (1118 turns).

Newt the Trooper (Demonspawn Gladiator)             Turns: 1118, Time: 00:01:07

Health: 0/28       AC:  3    Str: 16    XL:     3   Next: 21%
Magic:  3/3        EV: 12    Int:  9    God:
Gold:   70         SH:  0    Dex: 14    Spells: 2/2 levels left

rFire   . . .      SeeInvis .    a - +0 rapier
rCold   . . .      Faith    .    (no shield)
rNeg    . . .      Spirit   .    b - +0 leather armour
rPois   .          Reflect  .    (helmet restricted)
rElec   .          Harm     .    (no cloak)
rCorr   .          Rampage  .    (no gloves)
Will    .....                    (no boots)
Stlth   ++                       (no amulet)
HPRegen 0.24/turn                (no ring)
MPRegen 0.08/turn                (no ring)

@: no status effects
A: antennae 2
a: no special abilities


You were on level 2 of the Dungeon.
You visited 1 branch of the dungeon, and saw 2 of its levels.

You collected 70 gold pieces.

Inventory:

Hand Weapons
 a - a +0 rapier (weapon)
Missiles
 d - 2 throwing nets (quivered)
Armour
 b - a +0 leather armour (worn)
 c - a +0 helmet
Scrolls
 h - a scroll of poison
 i - a scroll of blinking
 k - a scroll of silence
Potions
 e - a potion of curing {unknown}
 g - 2 potions of might {unknown}
 j - a potion of attraction {unknown}
 m - 2 potions of degeneration {unknown}


   Skills:
 + Level 2.9 Fighting
 - Level 2.6 Short Blades
 - Level 1.7 Throwing
 - Level 2.6 Dodging
 - Level 2.0 Stealth


You had 2 spell levels left.
You didn't know any spells.
Your spell library was empty.

Dungeon Overview and Level Annotations

Branches:
Dungeon (2/15)

Altars:


Innate Abilities, Weirdness & Mutations

You have a pair of antennae on your head.


Message History

You hit the worm.
The worm is moderately wounded.
The worm bites you.
* * * LOW HITPOINT WARNING * * *
Throw: 3 throwing nets
Press: ? - help, Q - select action Shift-Dir - straight line, f/p - worm
Aim: a worm (moderately wounded, 78% to hit)
You throw a throwing net. The throwing net hits the worm.
The worm is caught in the net!
The worm is moderately wounded.
You hit the worm.
The worm is heavily wounded.
The worm struggles against the net.
You catch the helpless worm completely off-guard!
You hit the worm.
The worm is severely wounded.
An endoplasm comes into view.
The endoplasm quivers.
You hit the worm.
The worm is almost dead.
The worm struggles against the net.
You hit the worm.
You kill the worm!
Things that are here:
an inky potion; a rat corpse; a hobgoblin corpse
e - an inky potion You aren't carrying any pieces of jewellery.
Unknown command.
You are too injured to fight recklessly!
You are too injured to fight recklessly!
The endoplasm barely misses you.
You completely miss the endoplasm. The endoplasm freezes you.
You are frozen.
* * * LOW HITPOINT WARNING * * *
You hit the endoplasm.
The endoplasm is almost dead.
The endoplasm freezes you.
You are frozen.
You die...

***,,,,,,,,,,,..**...(...********
,,,,,,,,..,,,,..#*......[,,,*,,,*
,,,,,,,,...***#.#*.......,,,*,,,*
,,,,,,,,....* #.#*.......,,,*,,,*
,,,,,,,,,...###.##.......,,,*,,,*
,,{,,,****#...#.#........,,,*,,,,
###########*#............,,,,,,,,
#.........# ##..J........,,,,,,,*
#.#.......#####.@........**,***,*
..#...........†..(#######*,,* *,*
..#.......######...#***,,,,****+*
..######### ##...#*,,*****,,,,
...# *****#.#....***,,+,,,, #..#
*,,,,......>* *,**,,,,
...#########,,,,,.###### *,**,,,,
#..........#,,,,,.# *,**,,,,
#..........#,,,,,,* *,,+,,,,


You could see an endoplasm.

Vanquished Creatures
  An adder (D:2)
  3 worms (D:2)
  4 endoplasms (D:1)
  A giant cockroach (D:1)
  A goblin (D:1)
  2 hobgoblins
  2 frilled lizards (D:1)
  3 kobolds (D:1)
  2 rats
19 creatures vanquished.

Notes
Turn   | Place    | Note
-------+----------+-------------------------------------------
     0 | D:1      | Newt the Demonspawn Gladiator began the quest for the Orb.
     0 | D:1      | Reached XP level 1. HP: 16/16 MP: 1/1
   101 | D:1      | Reached skill level 1 in Stealth
   467 | D:1      | Gained mutation: You have a pair of small antennae on your
                  | head. [demonic ancestry]
   467 | D:1      | Reached XP level 2. HP: 22/22 MP: 2/2
   660 | D:1      | Found a faded altar of an unknown god.
  1071 | D:2      | Gained mutation: You have a pair of antennae on your head.
                  | [demonic ancestry]
  1071 | D:2      | Reached XP level 3. HP: 26/28 MP: 3/3
  1118 | D:2      | Frozen to death by an endoplasm

Illustrated notes

Levels and vault maps discovered:
D:1:      evilmike_arrival_crescent, layout_loops_corners,
          basic_ecumenical_altar
D:2:      layout_basic, uniq_robin

Skill      XL: |  1  2 |
---------------+-------+-----
Stealth        | 1 2 |  2.0
Fighting       | |  2.9
Short Blades   | |  2.6
Throwing       | |  1.7
Dodging        | |  2.6

Action                   || total
-------------------------++-------
Melee: Rapier            ||   103
Throw: Throwing net      ||     2
       Javelin           ||     1
  Use: Scroll            ||     4
 Stab: Sleeping          ||     4
       Held in net/web   ||     1
Armor: Leather armour    ||    15
Dodge: Dodged            ||    40

Table legend: (Time is in decaauts)
 A = Elapsed time spent in this place.
 B = Non-inter-level travel time spent in this place.
 C = Inter-level travel time spent in this place.
 D = Time resting spent in this place.
 E = Time spent auto-exploring this place.
 F = Levels seen in this place.
 G = Mean time per level.
                   A        B        C        D        E       F      G
               +--------+--------+--------+--------+--------+-----+--------+
         Total |   1126 |   1071 |     55 |    108 |    766 |   2 |  563.0 |
       Dungeon |   1126 |   1071 |     55 |    108 |    766 |   2 |  563.0 |
               +--------+--------+--------+--------+--------+-----+--------+

Top non-repeatable levels by time:
     D:1: 872 daAuts
     D:2: 254 daAuts
